← All builds
Tech / Armada / Economy first / OBSERVED BUILD

Sharpshooter snipers

Tech adds early T2 Sharpshooter snipers around 8:09-8:52 alongside its usual T2 supply role to support the front.

Usually first T2 con to Geo (82%)

#t2 · 50 distinct matches · 25 players · 4% of Armada Tech games · team won 24% of 51 · Recently observed

THE CATCH, AND WHAT COMES WITH IT
  • SharpshooterT2 bot snipers from 8:09 · 7% of role by thenFrom the Advanced Bot Lab. Only 7% of Tech games have it by then; others who build it get it around 8:52

Where those units first fight, in 49 games with kill data: in the middle 51%, on their own side 49%.

Those units destroy a typical 1,380 metal of enemy units by 15:00.

Then transitions into anti-nuke (14% of army).

HOW TO PLAY IT

Key timing: Sharpshooter by 8:07

  1. Open 3 mex into wind and a bot lab like normal eco start.
  2. Get Advanced Bot Lab up on schedule instead of skipping it.
  3. Upgrade mex to Advanced Metal Extractor to fund the T2 pivot.
  4. Push Sharpshooter sniper bots to middle instead of just feeding team T2.
  5. Add anti-nuke and keep sniper bots as the core army.

Phase by phase

TYPICAL OF ITS 50 GAMES · AGAINST STANDARD TECH
  1. 1
  2. 2
  3. 3
  4. 4
  5. 5
PLAY THE OPENING

Follow the example game's first 9:09 step by step: what to build now, what comes next, and where it goes. At 1× it keeps pace with your own game.

  1. 1

    Up to the Bot Lab

    Economy
    • Metal Extractor3Mex
    • Wind Turbine4Wind
    Order
    1. Bot LabBot Lab after 3 mex, 4 winddone ~1:17, middle half 1:12–1:33

    By 1:00 in all: 3 mex · 4 wind

    The example game in this phase · 4 steps
    1. Mex ×3
    2. Wind ×5
    3. Energy storage
    4. Bot LabBot Labdone 1:35 · typical 1:17
  2. 2

    Bot Lab to Advanced Bot Lab

    Economy
    • Metal Extractor1Mex
    • Wind Turbine9Wind
    • Energy Storage1Energy storage
    Order
    1. Advanced Bot LabAdvanced Bot Lab after 4 mex, 13 wind, 3 con turretdone ~4:16, middle half 4:08–4:28
    Builders
    • Construction Turret3 Con turret
    • Lazarus3 Lazarus
    • Construction Bot2 Con bot
    • Construction Bot1 Con bot for allies

    Some games also: converter (45%)

    By 3:23 in all: 4 mex · 13 wind · 1 energy storage · 3 con turret

    The example game in this phase · 13 steps
    1. Wind
    2. Construction BotCon bot
    3. LazarusLazarus
    4. Wind
    5. LazarusLazarus
    6. Construction BotCon bot
    7. Mex
    8. Con turret
    9. Advanced solar
    10. Wind
    11. Con turret
    12. Advanced solar
    13. Advanced Bot LabAdvanced Bot Labdone 4:24 · typical 4:16
  3. 3

    Advanced Bot Lab to 5:00

    Economy
    • Wind Turbine1Wind
    Builders
    • Advanced Construction Bot1 T2 con bot for allies

    Some games also: converter (37%)

    By 5:00 in all: 4 mex · 15 wind · 2 converter · 1 energy storage · 3 con turret

    The example game in this phase · 2 steps
    1. Advanced Construction BotT2 con botfor Geo
    2. Advanced Metal ExtractorT2 mex ×3done 5:37 · typical 5:15
  4. 4

    5:00 to T2 bot snipers

    Economy
    • Wind Turbine13Wind
    Order
    1. SharpshooterT2 bot snipers after 4 mex, 26 wind, 4 converterdone ~8:34, middle half 7:16–9:37
    Builders
    • Advanced Construction Bot3 T2 con bot for allies
    • Butler3 Butler

    Some games also: converter (43%) · T2 con bot (31%)

    By 8:09 in all: 4 mex · 26 wind · 4 converter · 1 energy storage · 3 con turret

    The example game in this phase · 17 steps
    1. Advanced Construction BotT2 con botfor Air
    2. ButlerButler
    3. Advanced Metal ExtractorT2 mex
    4. ButlerButler
    5. Advanced Construction BotT2 con botfor Pond
    6. ButlerButler
    7. Advanced Construction BotT2 con bot ×2for Beach sea
    8. Wind ×3
    9. Advanced Metal ExtractorT2 mex
    10. Wind ×5
    11. ButlerButler
    12. Wind ×2
    13. ButlerButler
    14. Wind ×2
    15. ButlerButler
    16. Wind ×4
    17. SharpshooterSniper botdone 8:57 · typical 8:34
  5. 5

    T2 bot snipers to 10:00

    Economy
    • Wind Turbine15Wind−15 vs standard
    Army
    • Sharpshooter1 Sniper bot

    Some games also: Butler (47%) · T2 con bot for allies (39%) · converter (39%)

    The standard build makes here, this one skips: 3 converter · 5 Butler

    By 10:00 in all: 4 mex · 48 wind · 6 converter · 1 energy storage · 3 con turret

    The example game in this phase · 156 steps
    1. Wind ×12
    2. CompassRadar bot
    3. Wind ×4
    4. SharpshooterSniper bot
    5. Wind ×12
    6. ButlerButler
    7. Wind ×4
    8. Converter
    9. ButlerButler
    10. Wind ×3
    11. Converter
    12. Wind ×2
    13. ButlerButler
    14. Wind ×3
    15. Converter
    16. Wind
    17. ButlerButler
    18. Wind ×3
    19. ButlerButler
    20. Wind ×2
    21. Converter
    22. Wind ×4
    23. ButlerButler
    24. Wind ×2
    25. Converter ×2
    26. Wind ×2
    27. Converter
    28. Wind ×2
    29. Advanced Construction BotT2 con bot
    30. Wind ×3
    31. Converter ×2
    32. Wind ×3
    33. Converter
    34. Wind ×3
    35. Converter ×2
    36. Wind ×6
    37. Converter
    38. Wind
    39. Converter
    40. Wind ×2
    41. Converter
    42. Wind ×3
    43. Converter
    44. Wind ×3
    45. Converter
    46. UmbrellaAnti-nukedone 11:56
    47. Wind ×3
    48. Converter
    49. Wind ×3
    50. Converter
    51. Wind ×2
    52. Converter
    53. Wind ×4
    54. Converter
    55. Wind ×5
    56. Converter
    57. Wind ×4
    58. Converter
    59. Wind ×6
    60. Converter
    61. Wind
    62. Con turret
    63. Wind
    64. Converter ×2
    65. Wind ×4
    66. Converter
    67. ButlerButler
    68. Con turret
    69. Wind ×6
    70. Converter
    71. Wind ×2
    72. ButlerButler
    73. Converter
    74. Wind ×3
    75. ButlerButler
    76. Converter
    77. Wind ×3
    78. Converter
    79. ButlerButler
    80. Wind ×3
    81. ButlerButler
    82. Wind ×3
    83. Converter ×2
    84. Wind ×2
    85. ButlerButler
    86. Wind
    87. Converter
    88. Wind ×5
    89. Converter
    90. Wind
    91. Converter
    92. Wind ×2
    93. Converter
    94. Wind ×4
    95. Converter ×2
    96. Wind ×2
    97. SmugglerJammer bot
    98. Wind ×2
    99. Converter ×2
    100. Wind ×3
    101. Converter
    102. Wind ×3
    103. Converter
    104. Wind ×2
    105. Converter
    106. JunoJuno
    107. Converter
    108. Wind ×4
    109. Converter ×2
    110. Wind ×6
    111. Converter ×2
    112. Wind ×6
    113. Advanced Construction BotT2 con bot
    114. Converter ×2
    115. Wind ×7
    116. Converter
    117. Wind
    118. Converter
    119. Wind ×2
    120. Converter ×2
    121. Wind ×3
    122. Converter
    123. Wind
    124. Converter ×2
    125. Wind ×4
    126. Converter ×2
    127. Wind ×7
    128. Converter ×3
    129. Wind ×5
    130. Metal storage
    131. Converter
    132. Wind
    133. Converter
    134. Wind ×3
    135. Converter
    136. Wind
    137. Converter ×2
    138. Wind ×8
    139. Converter ×2
    140. Wind ×2
    141. Converter
    142. Wind ×5
    143. Converter
    144. Wind ×8
    145. Converter
    146. Wind
    147. Cloakable Fusion ReactorCloakable Fusion Reactornot finished by 15:00
    148. Wind ×4
    149. Converter ×2
    150. Wind ×3
    151. Converter
    152. Wind ×3
    153. Con turret
    154. Wind
    155. Converter
    156. Wind ×6

Counts are medians over the build's games: half of them build more, half fewer. The example game is ieNemo's (35 OS, 28/08/2026); pick another.

Team trades

IN AT LEAST 30% OF ITS GAMES

You hand over

  • Construction Bot1 Con bot to Airfirst at 2:23 · in 88% of games
  • Advanced Construction Bot5 T2 con bot to Geo sea or Geo or Pondfirst at 4:59 · in 100% of games
  • Butler2 Butler to Geo sea or Beach seafirst at 10:36 · in 45% of games

You get

  • Hercules2 Light transport from Airfirst at 4:14 · in 90% of games

How it plays out

Typical game of this build against the role’s standard build, running totals by minute

  • This build
  • Standard tech

Metal produced

020k40k
0:005:0010:0015:00

metal

Enemy metal destroyed

01k2k3k
0:005:0010:0015:00

metal

Own metal lost

05001k1.5k
0:005:0010:0015:00

metal

51 games.

Show as table
ByMetal produced: This buildMetal produced: Standard techEnemy metal destroyed: This buildEnemy metal destroyed: Standard techOwn metal lost: This buildOwn metal lost: Standard tech
1:003833830000
2:009119150000
3:00157716350000
4:00316031480000
5:00488448630000
6:00592058070000
7:00750872200000
8:00931090610000
9:0011440112470000
10:001360913553220000
11:0016182163426100740
12:001892619850105002700
13:002212823644167006800
14:0024975273601978125810130
15:00284253147325713851360260
WHAT THE NUMBERS SAY

Won far less than the standard build despite destroying much more metal, and lost heavily doing it.

  • + Destroyed 2580 enemy metal by 15:00 vs 400 for the standard build.
  • − Lost 1407 own metal by 15:00 vs 260 standard, and team win rate dropped to 21% from 53%.
THE EXAMPLE YOU ARE READING

ieNemo

35.3 OS · 28/08/2026

Open source match ↗

1 received units
1342 metal received · 47645 energy received

Allied construction assistance is unknown. Timings are observations, not a promise of solo reproducibility.

Typical milestones

Bot Lab1:17Middle 50%: 1:12–1:33 · n=51
Advanced Bot Lab4:16Middle 50%: 4:08–4:28 · n=51
Advanced Metal Extractor5:15Middle 50%: 4:56–5:36 · n=51
Sharpshooter8:34Middle 50%: 7:16–9:37 · n=51

Played most by

Amrissa14games of this buildDRM5games of this buildThe_Dwarf4games of this buildIMBALANCED3games of this buildhaaven2games of this build